 Dungeon Crawl Stone Soup version 0.31-a0-1540-g5a0b83f448 (webtiles) character file.

Game seed: 17343684719310196945

226 Persephone the Ruffian (level 6, -2/32 HPs)
             Began as a Vine Stalker Fighter on Jan 1, 2024.
             Was an Initiate of Gozag.
             Slain by a gnoll
             ... wielding a +0 spear
              (5 damage)
             ... on level 4 of the Dungeon.
             The game lasted 00:06:24 (2799 turns).

Persephone the Ruffian (Vine Stalker Fighter)       Turns: 2799, Time: 00:06:24

Health: -2/32      AC:  6    Str: 20    XL:     6   Next: 1%
Magic:  0/7        EV:  9    Int:  8    God:    Gozag
Gold:   266        SH:  5    Dex: 14    Spells: 5/5 levels left

rFire   . .          .
                       - Unarmed
rCold   . . .        b - +0 buckler
rNeg    . . .        a - +0 scale mail
rPois   .            (no helmet)
rElec   .            (no cloak)
rCorr   .            (no gloves)
SInv    .            (no boots)
Will    .....        (no amulet) Stlth
                     (no ring)
HPRegen 1.05/turn    (no ring)
MPRegen 0.10/turn

%: guardian spirit
@: mighty, gold aura
A: fangs 2, regeneration 1, magic shield, antimagic bite, no potion heal 2
a: Renounce Religion, Potion Petition, Call Merchant, Bribe Branch


You were on level 4 of the Dungeon.
You worshipped Gozag.
Gozag was aware of your devotion.
You visited 1 branch of the dungeon, and saw 4 of its levels.

You collected 312 gold pieces.
You paid 46 gold pieces to Gozag.

Inventory:

Armour
 a - a +0 scale mail (worn)
 b - a +0 buckler (worn)
Jewellery
 q - a ring of poison resistance
Wands
 j - a wand of flame (11)
Scrolls
 d - a scroll of blinking {unknown}
 e - 2 scrolls of fog {unknown}
 f - 2 scrolls of teleportation {unknown}
 g - 5 scrolls of identify {unknown}
 i - 2 scrolls of brand weapon {unknown}
 k - a scroll of enchant armour {unknown}
 n - a scroll of amnesia {unknown}
Potions
 h - 2 potions of degeneration {unknown}
 l - a potion of enlightenment {unknown}
 m - a potion of heal wounds {unknown}
 o - a potion of lignification {unknown}
 p - 2 potions of curing {unknown}


   Skills:
 + Level 3.5 Fighting
 + Level 3.2 Armour
 + Level 3.5 Shields
 * Level 4.1 Unarmed Combat


You had 5 spell levels left.
You didn't know any spells.
Your spell library was empty.

Dungeon Overview and Level Annotations

Branches:
Dungeon (4/15)
 Temple: D:4-7

Altars:
Dithmenos
Fedhas
Gozag
Hepliaklqana
Okawaru
Ru
Uskayaw
Xom
Yredelemnul

Shops:
D:2 (


Innate Abilities, Weirdness & Mutations

You have extremely sharp teeth.
Your natural rate of healing is unusually fast.
When hurt, damage is shared between your health and your magic reserves.
Your bite disrupts and absorbs the magic of your enemies.
Potions cannot restore your health.


Message History

The black bear claws you but does no damage.
The gnoll hits you from afar with a +0 spear.
You hit the black bear. You bite the black bear. You drain its power.
You feel invigorated.
The black bear is heavily wounded.
A gnoll comes into view. It is wielding a +0 whip.
The gnoll hits you from afar with a +0 spear.
The black bear bites you. The black bear claws you.
You block the black bear's attack.
The gnoll shouts!
You hit the black bear.
The black bear is severely wounded.
The gnoll hits you from afar with a +0 spear.
The black bear bites you. The black bear misses you.
The black bear barely misses you.
You hit the black bear.
The black bear is severely wounded.
The gnoll hits you from afar with a +0 spear.
* * * LOW HITPOINT WARNING * * *
You block the black bear's attack. The black bear claws you.
* * * LOW HITPOINT WARNING * * *
The black bear claws you but does no damage.
You feel very mighty all of a sudden.
The gnoll hits you from afar with a +0 spear.
* * * LOW HITPOINT WARNING * * *
The black bear bites you but does no damage.
The black bear claws you but does no damage.
The black bear claws you.
* * * LOW HITPOINT WARNING * * *
You hit the black bear. Your bite misses the black bear.
The black bear is almost dead.
The gnoll hits you from afar with a +0 spear.
* * * LOW HITPOINT WARNING * * *
You block the black bear's attack. The black bear claws you. x2
* * * LOW HITPOINT WARNING * * *
You hit the black bear.
You kill the black bear!
The gnoll hits you from afar with a +0 spear.
You die...
Your body crumbles into a pile of gold.

### #..
#.# ###
#.# #<#
#.###.#
#.....#
#..####
#..# #@.#
.....gg..#
......##.#
...... #.#
..... #.#
..... #.#
.... .#
.... .#


You could see 2 gnolls.

Vanquished Creatures
  A black bear (D:4)
  A bombardier beetle (D:3)
  3 jellies (D:2)
  2 adders (D:2)
  4 ribbon worms
  5 orcs (D:3)
  15 endoplasms
  2 giant cockroaches (D:3)
  4 goblins
  2 hobgoblins
  15 kobolds
  A quokka (D:3)
  5 ball pythons
  5 bats
  2 frilled lizards (D:3)
  3 rats
70 creatures vanquished.

Notes
Turn   | Place    | Note
-------+----------+-------------------------------------------
     0 | D:1      | Persephone the Vine Stalker Fighter began the quest for the
                  | Orb.
     0 | D:1      | Reached XP level 1. HP: 11/11 MP: 2/2
   165 | D:1      | Reached XP level 2. HP: 16/16 MP: 3/3
   924 | D:2      | Reached XP level 3. HP: 13/19 MP: 4/4
   934 | D:2      | Found Pakyome's Antique Weapon Shop.
  1124 | D:2      | Found a blossoming altar of Fedhas.
  1161 | D:2      | Reached skill level 3 in Unarmed Combat
  1211 | D:2      | Found a basalt altar of Yredelemnul.
  1211 | D:2      | Found a hide-covered altar of Uskayaw.
  1211 | D:2      | Found a sacrificial altar of Ru.
  1211 | D:2      | Found an opulent altar of Gozag.
  1211 | D:2      | Found a basalt altar of Yredelemnul.
  1211 | D:2      | Found a sacrificial altar of Ru.
  1216 | D:2      | Reached XP level 4. HP: 24/24 MP: 5/5
  1224 | D:2      | Reached XP level 5. HP: 23/28 MP: 3/6
  1711 | D:2      | Became a worshipper of Gozag Ym Sagoz the Greedy
  1951 | D:3      | Reached skill level 4 in Unarmed Combat
  2279 | D:3      | Found a glowing silver altar of Zin.
  2283 | D:3      | Found a shimmering altar of Xom.
  2283 | D:3      | Found a shadowy altar of Dithmenos.
  2286 | D:3      | Found an iron altar of Okawaru.
  2286 | D:3      | Found a hazy altar of Hepliaklqana.
  2286 | D:3      | Found a hazy altar of Hepliaklqana.
  2318 | D:3      | Reached XP level 6. HP: 32/32 MP: 7/7
  2785 | D:4      | Noticed a black bear
  2799 | D:4      | Killed a black bear
  2799 | D:4      | Slain by a gnoll

Illustrated notes

Levels and vault maps discovered:
D:1:      lightli_molten_gateway, layout_basic, serial_glass, glass_columns_b,
          glass_columns_a
D:2:      cheibrodos_fertilizer, layout_basic, serial_shops,
          nicolae_shop_just_a_little_nook, basic_altar
D:3:      layout_basic, doesnt_xom_only_xom, interstate_on_off
D:4:      layout_basic, gup_sewer_entry_glass, biasface_ghost_orc_armoury,
          uniq_blork_the_orc

Skill      XL: |  1  2  3  4  5 |
---------------+----------------+-----
Fighting       | 3 |  3.5
Shields        | 3 |  3.5
Unarmed Combat | 3 4 |  4.1
Armour         | 3 |  3.2

Action                     |  1- 3 |  4- 6 || total
---------------------------+-------+-------++-------
  Melee: Unarmed           |   105 |   105 ||   210
         Bite              |    24 |    34 ||    58
    Use: Potion            |       |     1 ||     1
 Armour: Scale mail        |    71 |    82 ||   153
  Dodge: Dodged            |    49 |    25 ||    74
  Block: Buckler           |    23 |    17 ||    40

Table legend: (Time is in decaauts)
 A = Elapsed time spent in this place.
 B = Non-inter-level travel time spent in this place.
 C = Inter-level travel time spent in this place.
 D = Time resting spent in this place.
 E = Time spent auto-exploring this place.
 F = Levels seen in this place.
 G = Mean time per level.
                   A        B        C        D        E       F      G
               +--------+--------+--------+--------+--------+-----+--------+
         Total |   2793 |   2606 |    187 |      0 |   2149 |   4 |  698.2 |
       Dungeon |   2793 |   2606 |    187 |      0 |   2149 |   4 |  698.2 |
               +--------+--------+--------+--------+--------+-----+--------+

Top non-repeatable levels by time:
     D:3: 1024 daAuts
     D:1: 903 daAuts
     D:2: 845 daAuts
     D:4: 20 daAuts
